 Dungeon Crawl Stone Soup version 0.25.1-8-g42b30a86e7 (webtiles) character file.

Game seed: 12137541701142722081

520 Qrupt the Ruffian (level 7, -1/59 HPs)
             Began as a Pale Draconian Transmuter on Dec 13, 2020.
             Slain by a centaur skeleton (5 damage)
             ... on level 4 of the Dungeon.
             The game lasted 00:15:38 (4704 turns).

Qrupt the Ruffian (Pale Draconian Transmuter)       Turns: 4704, Time: 00:15:38

Health: -1/59      AC:  6    Str: 14    XL:     7   Next: 1%
Magic:  6/10       EV: 12    Int: 14    God:
Gold:   301        SH:  0    Dex: 11    Spells: 4/10 levels left

rFire    . . .     SeeInvis .     - Unarmed
rCold    . . .     Gourm    .   (no shield)
rNeg     . . .     Faith    .   (armour unavailable)
rPois    .         Spirit   .   (helmet restricted)
rElec    .         Reflect  .   (no cloak)
rCorr    .         Harm     .   (no gloves)
MR       .....                  (no boots)
Stlth    +.........             (no amulet)
HPRegen  0.19/turn              (no ring)
MPRegen  0.12/turn              (no ring)

@: mighty, brilliant, stab
A: breathe steam, unfitting armour, cold-blooded, AC +6
a: Breathe Steam


You were on level 4 of the Dungeon.
You were hungry.

You visited 1 branch of the dungeon, and saw 4 of its levels.

You collected 301 gold pieces.

Inventory:

Missiles
 a - 53 arrows
Armour
 m - a +0 cloak
Jewellery
 e - an uncursed amulet of faith
 f - an uncursed ring of see invisible
 t - an uncursed ring of resist corrosion {unknown}
Scrolls
 b - a scroll of teleportation {unknown}
 g - 5 scrolls of enchant weapon {unknown}
 h - 2 scrolls of remove curse {unknown}
 i - a scroll of magic mapping {unknown}
 k - 5 scrolls of identify {unknown}
 l - a scroll of fog {unknown}
 q - 2 scrolls of fear {unknown}
 u - a scroll of immolation {unknown}
Potions
 d - a potion of might
 n - 2 potions of stabbing
 o - a potion of lignification {unknown}
 p - a potion of degeneration {unknown}
 r - a potion of resistance {unknown}
Comestibles
 c - 9 rations


   Skills:
 + Level 4.0 Fighting
 + Level 2.4 Dodging
 + Level 4.7 Unarmed Combat
 - Level 2.0 Spellcasting
 + Level 4.1 Transmutations
 + Level 2.8 Poison Magic


You had 4 spell levels left.
You knew the following spells:

 Your Spells              Type           Power        Failure   Level  Hunger
a - Beastly Appendage     Tmut           ###...       4%          1    None
b - Spider Form           Tmut/Pois      ###.......   17%         3    None
c - Sticks to Snakes      Tmut           ###.....     6%          2    None

Your spell library contained the following spells:

 Spells                   Type           Power        Failure   Level  Hunger
 Ice Form                 Ice/Tmut       ##......     69%         4    None
 Blade Hands              Tmut           ###.......   75%         5    None


Dungeon Overview and Level Annotations

Branches:
Dungeon (4/15)
 Temple: D:4-7

Altars:
Hepliaklqana
Uskayaw
The Shining One


Innate Abilities, Weirdness & Mutations

You can breathe blasts of scalding, opaque steam.
Your pale cyan-grey scales are hard. (AC +6)
You cannot fit into any form of body armour.
You are cold-blooded and may be slowed by cold attacks.


Message History

The centaur skeleton misses you.
All of the chunks of flesh in your inventory have rotted away.
The centaur skeleton hits you!
* * * LOW HITPOINT WARNING * * *
The centaur skeleton closely misses you.
The centaur skeleton closely misses you.
Your magical contamination has completely faded away.
It was a potion of stabbing.
You feel ready to backstab. The centaur skeleton hits you.
* * * LOW HITPOINT WARNING * * *
Your transformation has ended.
It was a potion of might.
You feel very mighty all of a sudden.
The centaur skeleton closely misses you.
The centaur skeleton barely misses you.
It was a potion of brilliance.
You feel clever all of a sudden. The centaur skeleton hits you.
You die...

#.<..## #..# ######
......#### #.###.....#
.........#####.##......#
................#.......
............###.........
.(.........## ##........
...........# #.........
...........# ##.........
..........## #..@.......
....).....#
##..Z..........#
..........#
#..............
.........##
#.............###
##)......#
##...............
#####...##
#..............# # ####
#..............# ##
#...)......)).# .##
##..........[).#


You could see a centaur skeleton.

Vanquished Creatures
  A phantom (D:4)
  An ogre (D:4)
  A scorpion (D:4)
  A bullfrog skeleton (D:4)
  2 orc priests (D:4)
  An orc wizard (D:4)
  2 worker ants (D:4)
  5 adders
  3 worms
  4 dart slugs
  3 leopard geckos
  6 orcs
  2 giant cockroaches
  9 goblins
  7 hobgoblins
  5 jackals
  9 kobolds
  2 quokkas
  A ball python (D:3)
  4 bats (D:2)
  6 frilled lizards
  6 rats
81 creatures vanquished.

Notes
Turn   | Place    | Note
-------+----------+-------------------------------------------
     0 | D:1      | Qrupt the Draconian Transmuter began the quest for the Orb.
     0 | D:1      | Reached XP level 1. HP: 16/16 MP: 3/3
   233 | D:1      | Reached XP level 2. HP: 20/23 MP: 5/5
   983 | D:2      | Reached XP level 3. HP: 27/29 MP: 6/6
  1043 | D:2      | Learned a level 3 spell: Spider Form
  1453 | D:2      | You fall into a shaft and drop 1 floor!
  1453 | D:3      | Found a hazy altar of Hepliaklqana.
  1453 | D:3      | Found a glowing golden altar of the Shining One.
  2450 | D:2      | Reached XP level 4. HP: 36/37 MP: 7/7
  2455 | D:2      | Found a faded altar of an unknown god.
  2561 | D:2      | Reached skill level 1 in Poison Magic
  2736 | D:2      | Found a hide-covered altar of Uskayaw.
  3141 | D:4      | Reached XP level 5. HP: 25/45 MP: 8/8
  3971 | D:4      | Reached XP level 6. HP: 34/51 MP: 9/9
  4073 | D:4      | Learned a level 2 spell: Sticks to Snakes
  4689 | D:4      | Your scales start taking on a pale cyan-grey colour.
  4689 | D:4      | Reached XP level 7. HP: 10/59 MP: 4/10
  4704 | D:4      | Slain by a centaur skeleton

Illustrated notes

Levels and vault maps discovered:
D:1:      dpeg_arrival_leaves_temple_mockup, layout_loops_ring, hex_tiny
D:2:      layout_rooms, eat_drink_and_be_merry_uskayaw, first_ration,
          chequers_ecumenical_altar_simple, minmay_heptomino_h4
D:3:      layout_basic, grunt_temple_overflow_open
D:4:      layout_cave_pods

Skill      XL: |  1  2  3  4  5  6 |
---------------+-------------------+-----
Fighting       | 2 3 4 |  4.0
Poison Magic   | 1 2 |  2.8
Transmutations | 3 4 |  4.1
Unarmed Combat | 4 |  4.7
Dodging        | 2 |  2.4
Spellcasting   | |  2.0

Action                   |  1- 3 |  4- 6 |  7- 9 || total
-------------------------+-------+-------+-------++-------
Melee: Unarmed           |   148 |   147 |       ||   295
       Tailslap          |    18 |    12 |       ||    30
       Kick              |    15 |    24 |       ||    39
       Headbutt          |    10 |    11 |       ||    21
       Punch             |       |     2 |       ||     2
 Cast: Beastly Appendage |    29 |    18 |       ||    47
       Spider Form       |       |     2 |       ||     2
  Use: Potion            |       |       |     3 ||     3
  Eat: Chunk             |     6 |     7 |       ||    13
Armor: Skin              |    40 |    38 |       ||    78
Dodge: Dodged            |    78 |    98 |     7 ||   183
